 Dungeon Crawl Stone Soup version 0.30-a0-778-g2ef04afb54 (webtiles) character file.

Game seed: 7918707715728358077

2496 Flugslaktarn the Cleaver (level 9, -17/79 HPs)
             Began as a Minotaur Fighter on Feb 16, 2023.
             Was an Initiate of Gozag.
             Killed from afar by Erica (27 damage)
             ... with a lance of force
             ... on level 8 of the Dungeon.
             The game lasted 00:03:06 (6067 turns).

Flugslaktarn the Cleaver (Minotaur Fighter)         Turns: 6067, Time: 00:03:07

Health: -17/79     AC: 18    Str: 24    XL:     9   Next: 28%
Magic:  8/8        EV:  6    Int:  5    God:    Gozag
Gold:   569        SH: 10    Dex: 11    Spells: 8/8 levels left

rFire   + . .      SeeInvis .    a - +0 war axe
rCold   . . .      Faith    .    c - +0 buckler
rNeg    . . .      Spirit   .    w - +0 plate armour
rPois   .          Reflect  +    (helmet restricted)
rElec   .          Harm     .    v - +2 cloak {Stlth+}
rCorr   .          Rampage  .    (no gloves)
Will    .....                    g - +0 pair of boots Stlth
                                 k - amulet of reflection
HPRegen 0.33/turn                f - ring of protection from fire
MPRegen 0.11/turn                (no ring)

@: no status effects
A: horns 2, retaliatory headbutt
a: Renounce Religion, Potion Petition, Call Merchant, Bribe Branch


You were on level 8 of the Dungeon.
You worshipped Gozag.
Gozag was pleased with you.
You visited 2 branches of the dungeon, and saw 9 of its levels.

You collected 664 gold pieces.
You paid 95 gold pieces to Gozag.

Inventory:

Hand Weapons
 a - a +0 war axe (weapon)
Armour
 c - a +0 buckler (worn)
 g - a +0 pair of boots (worn)
   (You found it on level 1 of the Dungeon)
 v - a +2 cloak of stealth (worn)
   (You found it on level 4 of the Dungeon)
 w - a +0 plate armour (worn)
   (You found it on level 4 of the Dungeon)
Jewellery
 e - a ring of ice
   (You found it on level 5 of the Dungeon)
 f - a ring of protection from fire (left hand)
   (You found it on level 2 of the Dungeon)
 k - an amulet of reflection (around neck)
   (You found it on level 2 of the Dungeon)
 m - a ring of willpower
   (You found it on level 8 of the Dungeon)
 p - an amulet of faith
   (You found it on level 2 of the Dungeon)
Wands
 b - a wand of light (4)
   (You found it on level 5 of the Dungeon)
 y - a wand of paralysis (14)
   (You took it off an orc wizard on level 6 of the Dungeon)
Scrolls
 i - 2 scrolls of enchant weapon
 l - 3 scrolls of magic mapping
 r - a scroll of identify
 t - 6 scrolls of teleportation
 x - a scroll of immolation
 z - a scroll of poison {unknown}
 A - a scroll of fog {unknown}
 B - a scroll of enchant armour {unknown}
 D - a scroll of acquirement {unknown}
Potions
 d - a potion of might
 h - a potion of mutation {unknown}
 j - a potion of lignification {unknown}
 n - a potion of experience {unknown}
 o - a potion of heal wounds {unknown}
 q - 3 potions of curing
 s - 2 potions of attraction {unknown}
 u - a potion of resistance {unknown}
 C - 2 potions of ambrosia {unknown}
 E - a potion of flight {unknown}
 F - a potion of cancellation {unknown}


   Skills:
 + Level 7.3 Fighting
 * Level 9.4 Axes
 + Level 7.4 Armour
 + Level 7.4 Shields
 + Level 3.1 Evocations


You had 8 spell levels left.
You didn't know any spells.
Your spell library was empty.

Dungeon Overview and Level Annotations

Branches:
Dungeon (8/15)             Temple (1/1) D:6            Lair (0/5) D:8

Altars:
Ashenzari
Cheibriados
Dithmenos
Elyvilon
Gozag
Hepliaklqana
Kikubaaqudgha
Ru
Sif Muna
Trog
Wu Jian
The Shining One

Annotations:
D:3 1 runed translucent door, gabibbone's ghost, amateur GnWn
D:8 Erica


Innate Abilities, Weirdness & Mutations

You have a pair of horns on your head.
You reflexively headbutt those who attack you in melee.


Message History

The wight hits you with a +0 hand axe.
You barely miss the wight. Your headbutt misses the wight.
The wight is moderately damaged.
You block the wight's attack.
You slash the wight!
You destroy the wight!
The wight is distracted by your dazzling golden aura.
Items here: $ ))) [[[.
You closely miss the wight.
The wight is no longer distracted by gold.
The wight hits you with a +0 hand axe!
You hit the wight. Your headbutt misses the wight.
The wight is moderately damaged.
The wight barely misses you. You furiously retaliate!
You headbutt the wight. You slash the wight!
You destroy the wight!
Your life force feels restored.
You slash the wight! You headbutt the wight!
You destroy the wight!
No target in view!
No target in view!
No target in view!
No target in view!
No target in view!
No target in view!
No target in view!
No target in view!
No target in view!
No target in view!
Found a golden potion.
You now have 526 gold pieces (gained 14).
Items here: )) [[.
You now have 549 gold pieces (gained 23).
Items here: ))) [[[.
Items here: )) [[.
Found a mace.
F - a golden potion
Found a robe.
You see here a +0 mace.
You now have 569 gold pieces (gained 20).
You see here a +0 robe.
Erica and an electric eel come into view.
Erica is wielding a +2 scimitar of flaming.
Erica shouts!
The electric eel moves out of view.
An electric eel comes into view.
The electric eel shoots out a bolt of lightning at you!
The bolt of electricity hits the electric eel.
The electric eel completely resists.
The bolt of electricity hits you.
The electric eel shoots out a bolt of lightning at you!
The bolt of electricity hits you!
The electric eel shoots out a bolt of lightning at you!
The bolt of electricity hits you. You block Erica's attack.
You closely miss Erica. You headbutt Erica.
Erica is lightly wounded.
You closely miss the electric eel.
The electric eel shoots out a bolt of lightning at you!
The bolt of electricity hits you but does no damage.
A jelly comes into view.
You block Erica's attack.
You closely miss Erica.
The jelly quivers.
You headbutt Erica.
Erica is lightly wounded.
You closely miss the electric eel.
The electric eel shoots out a bolt of lightning at you!
The bolt of electricity hits you but does no damage.
Erica hits you with a +2 scimitar of flaming!
Erica burns you.
You barely miss Erica.
Erica is lightly wounded.
You barely miss the electric eel. Erica hits you but does no damage.
You closely miss Erica.
Erica is lightly wounded.
You closely miss the electric eel.
Erica points at you and mumbles some strange words.
The lance of force reflects off an invisible shield around you!
The lance of force hits Erica!
The electric eel shoots out a bolt of lightning at you!
The bolt of electricity hits you!
Erica hits you with a +2 scimitar of flaming.
Erica burns you.
The electric eel shoots out a bolt of lightning at you!
The bolt of electricity hits you!
The electric eel shoots out a bolt of lightning at you!
The bolt of electricity hits you!
* * * LOW HITPOINT WARNING * * *
The electric eel shoots out a bolt of lightning at you!
The bolt of electricity hits you.
* * * LOW HITPOINT WARNING * * *
Erica points at you and mumbles some strange words.
The bolt of poison misses you.
Okay, then.
The electric eel shoots out a bolt of lightning at you!
The bolt of electricity hits you.
* * * LOW HITPOINT WARNING * * *
Erica gestures at you while chanting. The lance of force hits you!!
You die...
Your body crumbles into a pile of gold.

................#..#.......
................#..#.......
................#..........
................#.....#...
......≈≈≈≈≈≈............#
......≈≈##≈≈............#
......≈# #≈.# #........+
......≈####≈.###........##.
......≈≈##≈≈....@..@.......
.[.##.≈≈≈≈≈≈..#####JS≈≈≈≈≈.
...##...............S≈##≈≈.
...##########.####..≈## .
...# #.# #..≈# ...# #.#
#..≈≈ ...# #.# #..≈≈≈ ####
#.# #..... #..


You could see Erica, a jelly and an electric eel.

Vanquished Creatures
  A kobold demonologist (D:7)
  3 ice beasts
  An ogre (D:4)
  A black bear (D:7)
  A kobold brigand (D:7)
  A bullfrog (D:8)
  4 scorpions
  A necrophage (D:4)
  10 wights
  4 electric eels (D:7)
  3 howler monkeys (D:7)
  5 orc priests
  A hound (D:5)
  Terence (D:2)
  3 iguanas
  5 orc wizards
  6 adders
  A white imp (D:6)
  A worm (D:4)
  2 dart slugs
  10 orcs
  10 ball pythons
  6 endoplasms
  4 giant cockroaches
  13 goblins
  11 hobgoblins
  2 quokkas
  8 bats
  6 frilled lizards
  12 kobolds
  5 rats
142 creatures vanquished.

Vanquished Creatures (others)
  28 plants (D:7)
28 creatures vanquished.

Grand Total: 170 creatures vanquished

Notes
Turn   | Place    | Note
-------+----------+-------------------------------------------
     0 | D:1      | Flugslaktarn the Minotaur Fighter began the quest for the
                  | Orb.
     0 | D:1      | Reached XP level 1. HP: 19/19 MP: 0/0
    67 | D:1      | Reached XP level 2. HP: 19/27 MP: 1/1
   338 | D:1      | Reached skill level 3 in Axes
   784 | D:1      | Reached XP level 3. HP: 32/33 MP: 2/2
   922 | D:2      | Noticed Terence
   927 | D:2      | Killed Terence
   928 | D:2      | Reached XP level 4. HP: 32/40 MP: 3/3
   995 | D:2      | Found a broken altar of Ashenzari.
  1062 | D:2      | Identified the +0 leather armour "Rep Ciju" {Str+3 Int+2
                  | Stlth+}
  1363 | D:3      | Found the +8 trident of the Octopus King {venom, rElec
                  | rPois}
  1365 | D:3      | Reached skill level 4 in Axes
  1493 | D:3      | Found a runed translucent door.
  1499 | D:3      | Noticed gabibbone's ghost (amateur GnWn)
  2119 | D:4      | Noticed a scorpion
  2126 | D:4      | Killed a scorpion
  2127 | D:4      | Reached XP level 5. HP: 39/47 MP: 4/4
  2341 | D:4      | Noticed an ogre
  2344 | D:4      | Killed an ogre
  2345 | D:4      | Reached skill level 5 in Axes
  2345 | D:4      | Reached XP level 6. HP: 39/55 MP: 5/5
  2467 | D:4      | Reached skill level 5 in Fighting
  2467 | D:4      | Reached skill level 5 in Armour
  2467 | D:4      | Reached skill level 5 in Shields
  2676 | D:5      | Entered Level 5 of the Dungeon
  2817 | D:5      | Found a broken altar of Ashenzari.
  2855 | D:5      | Reached skill level 6 in Axes
  2855 | D:5      | Reached XP level 7. HP: 45/61 MP: 6/6
  2958 | D:5      | Found a hazy altar of Hepliaklqana.
  3186 | D:5      | Found a shimmering blue altar of Sif Muna.
  3321 | D:6      | Found a shadowy altar of Dithmenos.
  3429 | D:6      | Found a staircase to the Ecumenical Temple.
  3571 | Temple   | Entered the Ecumenical Temple
  3591 | Temple   | Became a worshipper of Gozag Ym Sagoz the Greedy
  3777 | D:6      | Reached skill level 7 in Axes
  3982 | D:6      | Reached XP level 8. HP: 57/70 MP: 7/7
  4174 | D:6      | Reached skill level 1 in Evocations
  4355 | D:6      | Found an ornate altar of the Wu Jian Council.
  4401 | D:7      | Noticed a kobold demonologist
  4417 | D:7      | Killed a kobold demonologist
  4418 | D:7      | Reached skill level 8 in Axes
  4550 | D:7      | Found an ancient bone altar of Kikubaaqudgha.
  4865 | D:7      | Identified the +1 robe "Memac" {*Slow rF+++ Stlth+}
  5252 | D:7      | Reached XP level 9. HP: 63/79 MP: 8/8
  5725 | D:8      | Reached skill level 9 in Axes
  5745 | D:8      | Found a staircase to the Lair.
  6057 | D:8      | Noticed Erica
  6067 | D:8      | Killed from afar by Erica

Illustrated notes

Levels and vault maps discovered:
D:1:      minmay_arrival_four_houses, layout_loops_corners, minmay_pentomino_r4
D:2:      layout_rooms, basic_altar, uniq_terence
D:3:      layout_loops_ring, ebering_ghost_sewer_d, dreamdust_princess_corridor
D:4:      layout_basic
D:5:      layout_rooms, lemuel_coloured_pillars_altar,
          mainiacjoe_overflow_paths, lemuel_blue_sif_altar
D:6:      layout_basic, mainiacjoe_overflow_alcove_2, grunt_dithmenos_smoke,
          minmay_temple_entry_sparse_star, reono_crystal_passage,
          ebering_dispersal_statue_hall, corexii_leaking_fountain,
          minmay_misc_feat_tower
D:7:      layout_loops_corners, mainiacjoe_overflow_alcove_4,
          serial_bayou_lagoon_b
D:8:      nicolae_moon_pools, layout_basic, nicolae_overflow_hidden_temple,
          doesnt_xom_only_xom, lightli_temple_of_fire,
          mainiacjoe_overflow_tiny_flanked, uniq_erica
Temple:   nicolae_temple_stand_before_the_council

Skill      XL: |  1  2  3  4  5  6  7  8  9 |
---------------+----------------------------+-----
Axes           | 3 4 5 6 7 8 9 |  9.4
Fighting       | 4 5 6 7 |  7.3
Shields        | 4 5 6 7 |  7.4
Armour         | 4 5 6 7 |  7.4
Evocations     | 2 3 |  3.1

Action                     |  1- 3 |  4- 6 |  7- 9 || total
---------------------------+-------+-------+-------++-------
  Melee: War axe           |    72 |   129 |   188 ||   389
         Headbutt          |     8 |    20 |    33 ||    61
  Evoke: Wand              |       |       |     5 ||     5
    Use: Scroll            |       |     8 |       ||     8
         Potion            |       |       |     1 ||     1
   Stab: Paralysed         |       |       |     1 ||     1
 Armour: Scale mail        |    38 |    49 |       ||    87
         Plate armour      |       |     6 |   115 ||   121
  Dodge: Dodged            |    38 |    49 |    41 ||   128
  Block: Buckler           |    24 |    51 |   111 ||   186
         Reflection        |       |     1 |     4 ||     5

Table legend: (Time is in decaauts)
 A = Elapsed time spent in this place.
 B = Non-inter-level travel time spent in this place.
 C = Inter-level travel time spent in this place.
 D = Time resting spent in this place.
 E = Time spent auto-exploring this place.
 F = Levels seen in this place.
 G = Mean time per level.
                   A        B        C        D        E       F      G
               +--------+--------+--------+--------+--------+-----+--------+
         Total |   6181 |   5939 |    242 |    584 |   4340 |   9 |  686.8 |
       Dungeon |   6148 |   5918 |    230 |    584 |   4329 |   8 |  768.5 |
        Temple |     32 |     21 |     11 |      0 |     11 |   1 |   32.0 |
               +--------+--------+--------+--------+--------+-----+--------+

Top non-repeatable levels by time:
     D:7: 1344 daAuts
     D:6: 1043 daAuts
     D:1: 884 daAuts
     D:3: 731 daAuts
     D:5: 650 daAuts
     D:4: 636 daAuts
     D:2: 485 daAuts
     D:8: 371 daAuts
  Temple: 32 daAuts
